 Dungeon Crawl Stone Soup version 0.29.1-12-g30fa7ad0bf (webtiles) character file.

Game seed: 13817500848112985892

72 Radix the Ogre Mage (level 4, -1/39 HPs)
             Began as an Ogre Air Elementalist on Jan 14, 2023.
             Slain by a goblin
             ... wielding a +0 club
             ... led by Robin
              (2 damage)
             ... on level 2 of the Dungeon.
             The game lasted 00:07:27 (1437 turns).

Radix the Ogre Mage (Ogre Air Elementalist)         Turns: 1437, Time: 00:07:30

Health: -1/39      AC:  4    Str: 12    XL:     4   Next: 25%
Magic:  1/9        EV:  9    Int: 21    God:
Gold:   48         SH:  0    Dex:  9    Spells: 8/9 levels left

rFire   . . .      SeeInvis .   l - +8 morningstar of Vinamp {elec, Int+3}
rCold   . . .      Faith    .   (no shield)
rNeg    . . .      Spirit   .   a - +1 robe
rPois   .          Reflect  .   (helmet restricted)
rElec   .          Harm     .   (no cloak)
rCorr   .          Rampage  .   (gloves unavailable)
Will    .....                   (boots unavailable)
Stlth   +.........              (no amulet)
HPRegen 0.13/turn               (no ring)
MPRegen 0.11/turn               (no ring)

@: very slightly contaminated
A: large, unfitting armour, tough skin 1
a: no special abilities


You were on level 2 of the Dungeon.
You visited 1 branch of the dungeon, and saw 2 of its levels.

You collected 48 gold pieces.

Inventory:

Hand Weapons
 f - a +0 club
 i - a +0 dagger
 l - the +8 morningstar of Vinamp (weapon) {elec, Int+3}
   (You found it on level 2 of the Dungeon)

   It occasionally discharges a powerful burst of electricity upon striking a
   foe.
   Int:       It affects your intelligence (+3).
Armour
 a - a +1 robe (worn)
Scrolls
 c - a scroll of enchant armour
 h - a scroll of identify {unknown}
 m - a scroll of vulnerability {unknown}
Potions
 b - a potion of magic
 d - 2 potions of heal wounds {unknown}
 e - a potion of flight {unknown}
 g - 2 potions of degeneration {unknown}
 j - 2 potions of cancellation {unknown}
 k - a potion of lignification {unknown}


   Skills:
 - Level 1.7 Dodging
 - Level 1.4 Stealth
 + Level 3.4 Spellcasting
 + Level 2.1 Conjurations
 + Level 3.3 Air Magic


You had 8 spell levels left.
You knew the following spells:

 Your Spells              Type           Power      Damage    Failure   Level
a - Shock                 Conj/Air       60%        1d6       4%          1

Your spell library contained the following spells:

 Spells                   Type           Power      Damage    Failure   Level
 Static Discharge         Conj/Air       15%        3-5/arc   6%          2
 Swiftness                Air            17%        N/A       10%         3
 Airstrike                Air            8%         2d(2-18)  30%         4


Dungeon Overview and Level Annotations

Branches:
Dungeon (2/15)

Altars:

Shops:
D:1 [


Innate Abilities, Weirdness & Mutations

You are too large for most types of armour.
You have tough skin. (AC +1)


Message History

It is a scroll of enchant armour.
Your +0 robe glows green for a moment.
The goblin barely misses you.
The goblin hits you with a +0 club. x2; The goblin hits you with a +0 dagger.
* * * LOW HITPOINT WARNING * * *
Aiming: Shock (safe; 4% risk of failure)
Press: ? - help, Q - select action Shift-Dir - straight line You miscast Shock.
You are very lightly contaminated with residual magic.
Nothing appears to happen.
The goblin hits you but does no damage.
A goblin comes into view. It is wielding a +0 dagger.
The goblin hits you with a +0 dagger.
* * * LOW HITPOINT WARNING * * *
The goblin hits you but does no damage.
The goblin shouts!
You bludgeon the goblin!!
You kill the goblin!
The goblin closely misses you. The goblin hits you but does no damage.
The goblin barely misses you. The goblin hits you with a +0 club.
* * * LOW HITPOINT WARNING * * *
A goblin comes into view. It is wielding a +0 club.
The goblin barely misses you. The goblin completely misses you.
You hit Robin. Lightning courses through Robin!
You kill Robin!
The goblin closely misses you.
A goblin comes into view. It is wielding a +0 club.
The goblin hits you but does no damage. The goblin barely misses you.
The goblin shouts!
You sock the goblin!
You kill the goblin!
The goblin hits you but does no damage. The goblin hits you with a +0 dagger.
* * * LOW HITPOINT WARNING * * *
The goblin hits you with a +0 club.
* * * LOW HITPOINT WARNING * * *
The goblin hits you with a +0 dagger.
* * * LOW HITPOINT WARNING * * *
The goblin hits you with a +0 club.
* * * LOW HITPOINT WARNING * * *
The goblin hits you with a +0 club.
You die...

.. #####. #..
#..#. #..##...g
......). ......
.#..# #..g#
.....#####)g#
#.#..##.#.g@#
###....##...g)#
.............#
#####...#.....[.##
........####..###
###.....####..##
........#......#
...............#
....>..........#


You could see 5 goblins.

Vanquished Creatures
  Robin (D:2)
  An adder (D:2)
  A worm (D:2)
  3 dart slugs
  4 endoplasms
  A giant cockroach (D:1)
  10 goblins
  3 hobgoblins
  5 ball pythons
  4 bats
  6 frilled lizards
  A kobold (D:2)
  6 rats
46 creatures vanquished.

Notes
Turn   | Place    | Note
-------+----------+-------------------------------------------
     0 | D:1      | Radix the Ogre Air Elementalist began the quest for the
                  | Orb.
     0 | D:1      | Reached XP level 1. HP: 16/16 MP: 3/3
    72 | D:1      | Reached skill level 1 in Conjurations
   247 | D:1      | Reached XP level 2. HP: 21/24 MP: 0/5
   562 | D:1      | Found Qemudgh's Armour Shoppe.
   728 | D:1      | Reached XP level 3. HP: 31/31 MP: 3/7
  1106 | D:2      | Identified the +8 morningstar of Vinamp {elec, Int+3}
  1428 | D:2      | Reached XP level 4. HP: 32/39 MP: 1/9
  1429 | D:2      | Noticed Robin
  1436 | D:2      | Killed Robin
  1437 | D:2      | HP: 1/39 [goblin/+0 club[Robin] (1)]
  1437 | D:2      | Slain by a goblin

Illustrated notes

Levels and vault maps discovered:
D:1:      lemuel_arrival_behind_the_door_large, layout_loops_ring, serial_shops,
          nicolae_shop_stone
D:2:      minmay_general_purpose_star, layout_rooms, basic_altar,
          hangedman_decor_growths, uniq_robin, uniq_jessica

Skill      XL: |  1  2  3 |
---------------+----------+-----
Conjurations   | 1 2 |  2.1
Air Magic      | 3 |  3.3
Spellcasting   | 3 |  3.4
Dodging        | |  1.7
Stealth        | |  1.4

Action                   |  1- 3 |  4- 6 || total
-------------------------+-------+-------++-------
Melee: Unarmed           |     7 |       ||     7
       Club              |     7 |       ||     7
       Morningstar       |     8 |     5 ||    13
 Cast: Shock             |    62 |     1 ||    63
  Use: Scroll            |       |     1 ||     1
 Stab: Sleeping          |     1 |       ||     1
Armor: Robe              |     8 |     7 ||    15
Dodge: Dodged            |    12 |     9 ||    21
